 Dungeon Crawl Stone Soup version 0.29.0-4-gdea44cf6ec (webtiles) character file.

Game seed: 16187601546676180145

4694 mortz the Arsonist (level 10, -3/63 HPs)
             Began as a Green Draconian Fire Elementalist on Aug 27, 2022.
             Was a Follower of Hepliaklqana.
             Slain by a wraith (7 damage)
             ... on level 9 of the Dungeon.
             The game lasted 00:51:58 (9391 turns).

mortz the Arsonist (DrFE)                           Turns: 9391, Time: 00:52:00

Health: -3/63      AC:  8    Str: 11    XL:     10   Next: 21%
Magic:  8/22       EV: 13    Int: 20    God:    Hepliaklqana [*.....]
Gold:   287        SH:  0    Dex: 17    Spells: 11/26 levels left

rFire   . . .      SeeInvis .   a - staff of conjuration
rCold   + . .      Faith    .   w - orb {mayhem}
rNeg    . . .      Spirit   .   (body armour unavailable)
rPois   +          Reflect  .   (helmet restricted)
rElec   .          Harm     +   B - scarf {harm}
rCorr   .          Rampage  .   (no gloves)
Will    .....                   R - +0 pair of boots
Stlth   +++.......              (no amulet)
HPRegen 0.20/turn               m - +6 ring of dexterity
MPRegen 0.18/turn               t - ring of protection from cold

@: slowed, very slow
A: reduced essence, breathe noxious fumes, AC +7, unfitting armour, poison
resistance, cold-blooded
a: Breathe Noxious Fumes, Renounce Religion, Recall Ancestor, Ancestor Identity


You were on level 9 of the Dungeon.
You worshipped Hepliaklqana.
Hepliaklqana was aware of your devotion.
You visited 2 branches of the dungeon, and saw 10 of its levels.
You also visited: Sewer.

You collected 475 gold pieces.
You spent 188 gold pieces at shops.

Inventory:

Hand Weapons
 b - a +3 dagger
 d - a +0 scimitar
 g - a +0 dagger
 k - a +0 rapier
 u - a +1 dagger of freezing
 I - a +4 scimitar
 K - a +2 scimitar
 O - a +3 long sword of freezing
 P - a +3 falchion
Missiles
 h - 3 silver boomerangs
Armour
 w - an orb of mayhem (worn)
 B - a scarf of harm (worn)
 M - a +0 cloak
 R - a +0 pair of boots (worn)
Magical Staves
 a - a staff of conjuration (weapon)
Jewellery
 m - a +6 ring of dexterity (left hand)
 t - a ring of protection from cold (right hand)
Wands
 o - a wand of quicksilver (20)
 x - a wand of mindburst (12)
 D - a wand of digging (4)
 G - a wand of roots (24)
Scrolls
 c - a scroll of amnesia
 r - a scroll of fog
 s - 5 scrolls of teleportation
 y - a scroll of summoning {unknown}
 z - a scroll of immolation {unknown}
 A - 4 scrolls of fear
 C - 2 scrolls of poison
 E - a scroll of silence {unknown}
 H - a scroll of enchant weapon {unknown}
 N - a scroll of blinking {unknown}
 Q - a scroll of enchant armour {unknown}
 S - a scroll of torment {unknown}
Potions
 e - 6 potions of curing
 f - 4 potions of haste
 i - a potion of flight
 j - 4 potions of heal wounds
 l - 2 potions of ambrosia
 n - 6 potions of mutation
 p - 2 potions of lignification
 q - 2 potions of might
 v - a potion of degeneration {unknown}
 F - a potion of cancellation {unknown}
 J - a potion of magic
 L - a potion of invisibility {unknown}


   Skills:
 + Level 0.8 Fighting
 + Level 0.4(0.5) Short Blades
 + Level 2.4 Dodging
 + Level 3.5 Stealth
 + Level 8.6 Spellcasting
 + Level 4.2 Conjurations
 * Level 5.8 Transmutations
 + Level 9.1 Fire Magic


You had 11 spell levels left.
You knew the following spells:

 Your Spells              Type           Power      Damage    Failure   Level
a - Foxfire               Conj/Fire      100%       2x1d9     1%          1
b - Scorch                Fire           90%        2d9       1%          2
c - Inner Flame           Hex/Fire       26%        N/A       3%          3
d - Passwall              Tmut/Erth      16%        N/A       3%          2
e - Stone Arrow           Conj/Erth      50%        3d10      10%         3
f - Flame Wave            Conj/Fire      52%        2d13      4%          4

Your spell library contained the following spells:

 Spells                   Type           Power      Damage    Failure   Level
 Beastly Appendage        Tmut           64%        N/A       1%          1
 Wereblood                Tmut           32%        N/A       1%          2
 Conjure Flame            Conj/Fire      52%        6-21      1%          3
 Spider Form              Tmut/Pois      20%        N/A       7%          3
 Apportation              Tloc           16%        N/A       9%          1
 Ensorcelled Hibernation  Hex/Ice        16%        N/A       12%         2
 Ozocubu's Armour         Ice            8%         N/A       24%         3
 Swiftness                Air            8%         N/A       24%         3
 Alistair's Intoxication  Tmut/Pois      13%        N/A       54%         5
 Metabolic Englaciation   Hex/Ice        4%         N/A       92%         5
 Simulacrum               Ice/Necr       4%         N/A       100%        6
 Lehudib's Crystal Spear  Conj/Erth      12%        10d4      100%        8
 Animate Armour           Summ/Erth      Unusable   N/A       N/A         4

Dungeon Overview and Level Annotations

Branches:
Dungeon (9/15)             Temple (1/1) D:7            Lair (0/5) D:9
  Sewer (visited)
    Orc: D:9-12

Altars:
Ashenzari
Cheibriados
Dithmenos
Elyvilon
Fedhas
Gozag
Hepliaklqana
Kikubaaqudgha
Makhleb
Nemelex Xobeh
Okawaru
Qazlal
Ru
Sif Muna
Trog
Uskayaw
Vehumet
Wu Jian
Xom
Yredelemnul
Zin
The Shining One
Lugonu

Shops:
D:2 (![::   D:4 [   D:6 :

Portals:
Abyss: D:3

Annotations:
D:5 1 runed translucent door, SigmundSlayer's ghost, novice GnWn
D:9 Grum


Innate Abilities, Weirdness & Mutations

Your life essence is reduced to manifest your ancestor. (-10% HP)
You can breathe blasts of noxious fumes.
Your lurid green scales are hard. (AC +7)
You cannot fit into any form of body armour.
Your system is resistant to poisons. (rPois)
You are cold-blooded and may be slowed by cold attacks.


Message History

The elephant appears confused.
The elephant tramples the wraith but does no damage.
The elephant trunk-slaps the wraith.
The wraith barely misses glurtz.
The wraith hits you. The wraith drains your vigour!
You feel yourself slow down.
You hear an angry hiss.
You see here 9 gold pieces.
Something bites the yak but does no damage.
Grum misses you.
The yak gores glurtz!
Glurtz is destroyed!
The yak is engulfed in noxious fumes.
The yak appears confused.
The elephant is engulfed in noxious fumes.
The elephant appears confused.
The elephant tramples the wraith.
The wraith holds its ground!
The elephant closely misses the wraith.
The wyvern bites you but does no damage.
The wyvern attacks as you move away! The wyvern bites you!
You have got your breath back.
Grum hits you but does no damage.
The elephant tramples itself but does no damage.
The elephant trunk-slaps itself.
The wyvern bites you!
* * * LOW HITPOINT WARNING * * *
The wraith hits you.
* * * LOW HITPOINT WARNING * * *
Grum barely misses you.
You hear a howl!
Casting: Foxfire (safe; 1% risk of failure)
Confirm with . or Enter, or press ? or * to list all spells.
Casting: Flame Wave (dangerous; 4% risk of failure)
Press: ? - help, Dir - look around, f - activate You feel a surge of power!
A wave of flame ripples out!
The flame wave engulfs the wyvern!
The wyvern is almost dead.
The flame wave engulfs the wraith!
The wraith is severely damaged.
The flame wave engulfs Grum!
Grum is heavily wounded. (Press . to intensify the flame waves.)
You hear a bellow! x2
The wyvern barely misses you. x2; Grum misses you.
The wraith hits you.
You die...

#.(#......
##.........l..
#....Y....>...
##..YY{P......P
#...Y#..hl.....
##....# ......
###...$Y####h....
.......WlWg..#
..........@...#######
#
....................#
#
....######....##....#
# .... ###+###....# #
... #..........# #
#..........# #
#....#'##### #
#....#....########
+....#.#..'.......


You could see an elephant (confused), Grum, 2 yaks, 2 wraiths, a wyvern and a
wolf (confused).

Vanquished Creatures
  A deep elf pyromancer (D:8)
  A komodo dragon (D:7)
  3 yaks (D:8)
  Sigmund (D:4)
  A basilisk (D:9)
  A steam dragon (D:7)
  Edmund (D:5)
  Duvessa (D:5)
  2 orc warriors
  A black bear (D:6)
  The ghost of angelusfrater the Ruffian, an amateur TrBe of Trog (D:6)
  An ogre (D:5)
  A centaur (D:7)
  A wolf (D:9)
  3 phantoms
  A kobold brigand (D:8)
  2 necrophages
  2 scorpions
  Dowan (D:5)
  12 wights
  2 killer bees (D:8)
  2 jellies
  A gnoll bouda (D:8)
  Crazy Yiuf (D:6)
  3 hounds
  2 iguanas (D:5)
  Natasha (thrice) (D:3)
  An orc wizard (D:7)
  Robin (D:3)
  4 gnolls
  11 adders
  3 white imps
  3 worms
  A dart slug (D:4)
  12 orcs
  11 ball pythons
  12 endoplasms
  7 giant cockroaches
  15 goblins
  9 hobgoblins
  A quokka (D:1)
  5 bats (D:2)
  2 frilled lizards
  17 kobolds
  6 rats
  A lurking horror (D:3)
174 creatures vanquished.

Vanquished Creatures (collateral kills)
  A water moccasin (D:8)
  A wolf (D:9)
  2 wights (D:8)
  An orc wizard (D:9)
  A gnoll (D:8)
  An adder (Sewer)
  A white imp (D:8)
  2 orcs (D:9)
10 creatures vanquished.

Vanquished Creatures (others)
  A wolf (D:9)
  2 killer bees (D:8)
  An ancestor (D:9)
  A gnoll (D:8)
  A kobold (D:8)
  365 foxfires
  A fungus (D:9)
  A plant (D:9)
373 creatures vanquished.

Grand Total: 557 creatures vanquished

Notes
Turn   | Place    | Note
-------+----------+-------------------------------------------
     0 | D:1      | mortz the Draconian Fire Elementalist began the quest for
                  | the Orb.
     0 | D:1      | Reached XP level 1. HP: 14/14 MP: 3/3
   193 | D:1      | Reached XP level 2. HP: 20/20 MP: 3/5
   254 | D:1      | Learned a level 2 spell: Scorch
   458 | D:1      | Reached XP level 3. HP: 26/26 MP: 0/7
   711 | D:1      | Found a faded altar of an unknown god.
   832 | D:2      | Found Juibbol's Book Boutique.
   921 | D:2      | Found Waodusiu's Book Boutique.
  1074 | D:2      | Found Dyegoel's Antique Armour Shop.
  1416 | D:2      | Found Hiemutzonue's Distillery.
  1438 | D:2      | Bought a potion of curing for 36 gold pieces
  1566 | D:2      | Reached XP level 4. HP: 33/33 MP: 3/8
  1638 | D:2      | Found Ilioseg's Weapon Emporium.
  1958 | D:3      | Found a one-way gate to the infinite horrors of the Abyss.
  1965 | D:3      | Found a corrupted altar of Lugonu.
  2241 | D:3      | Noticed Robin
  2249 | D:3      | Killed Robin
  2503 | D:3      | Noticed Natasha
  2512 | D:3      | Killed Natasha
  2580 | D:3      | Noticed Natasha
  2587 | D:3      | Killed Natasha
  2588 | D:3      | Reached XP level 5. HP: 33/38 MP: 1/10
  2700 | D:3      | Noticed Natasha
  2708 | D:3      | Killed Natasha
  3216 | D:4      | Reached skill level 4 in Fire Magic
  3290 | D:4      | Found Xuanua Itza's Armour Emporium.
  3317 | D:4      | Found an iron altar of Okawaru.
  3317 | D:4      | Noticed Sigmund
  3323 | D:4      | Killed Sigmund
  3324 | D:4      | Reached XP level 6. HP: 38/45 MP: 4/12
  3594 | D:2      | Bought a runed scarf for 152 gold pieces
  3803 | D:4      | Reached skill level 5 in Spellcasting
  3803 | D:4      | Reached skill level 5 in Fire Magic
  3803 | D:4      | Your scales start taking on a lurid green colour.
  3803 | D:4      | Reached XP level 7. HP: 51/51 MP: 9/14
  3803 | D:4      | Gained mutation: Your system is resistant to poisons.
                  | (rPois) [Green Draconian growth]
  4134 | D:5      | Entered Level 5 of the Dungeon
  4375 | D:5      | Found a runed translucent door.
  4375 | D:5      | Noticed SigmundSlayer's ghost (novice GnWn)
  4396 | D:5      | Found a sacrificial altar of Ru.
  4421 | D:5      | Found a glowing drain.
  4421 | D:5      | Noticed Duvessa
  4421 | D:5      | Noticed Dowan
  4429 | D:5      | Killed Dowan
  4433 | D:5      | Killed Duvessa
  4434 | D:5      | Reached skill level 6 in Fire Magic
  4548 | Sewer    | Entered a sewer
  4725 | Sewer    | Learned a level 3 spell: Inner Flame
  4728 | Sewer    | Learned a level 2 spell: Passwall
  5315 | D:5      | Reached XP level 8. HP: 58/58 MP: 11/17
  5388 | D:5      | Noticed Edmund
  5402 | D:5      | Killed Edmund
  5403 | D:5      | Reached skill level 1 in Transmutations
  5867 | D:6      | Found Migerysm's Book Shoppe.
  6442 | D:6      | Found a runed translucent door.
  6443 | D:6      | Noticed angelusfrater's ghost (amateur TrBe)
  6449 | D:6      | Killed angelusfrater's ghost
  6574 | D:6      | Reached skill level 7 in Fire Magic
  6717 | D:6      | Found a runed translucent door.
  6718 | D:6      | Noticed Crazy Yiuf
  6727 | D:6      | Killed Crazy Yiuf
  7089 | D:7      | Reached XP level 9. HP: 63/63 MP: 13/19
  7629 | D:7      | Found a staircase to the Ecumenical Temple.
  7635 | Temple   | Entered the Ecumenical Temple
  7933 | D:7      | Found a shimmering blue altar of Sif Muna.
  7935 | D:7      | Noticed a komodo dragon
  7945 | D:7      | Killed a komodo dragon
  7946 | D:7      | Reached skill level 8 in Fire Magic
  7991 | D:7      | Found a glowing silver altar of Zin.
  7991 | D:7      | Found a broken altar of Ashenzari.
  7991 | D:7      | Found an opulent altar of Gozag.
  7991 | D:7      | Found a glowing golden altar of the Shining One.
  7992 | D:7      | Found a stormy altar of Qazlal.
  7995 | D:7      | Found a basalt altar of Yredelemnul.
  7998 | D:7      | Found a hazy altar of Hepliaklqana.
  8003 | D:7      | Became a worshipper of Hepliaklqana the Forgotten
  8252 | D:7      | Learned a level 4 spell: Flame Wave
  8256 | D:7      | Learned a level 3 spell: Stone Arrow
  8651 | D:8      | Reached skill level 5 in Transmutations
  8907 | D:8      | Noticed a deep elf pyromancer
  8915 | D:8      | Killed a deep elf pyromancer
  8916 | D:8      | Reached XP level 10. HP: 70/70 MP: 13/22
  9101 | D:8      | Reached skill level 9 in Fire Magic
  9150 | D:8      | Reached * piety under Hepliaklqana
  9367 | D:9      | Found a staircase to the Lair.
  9367 | D:9      | Noticed an elephant
  9373 | D:9      | Noticed Grum
  9391 | D:9      | Slain by a wraith

Illustrated notes

Levels and vault maps discovered:
D:1:      dpeg_arrival_prison, layout_rooms,
          chequers_ecumenical_altar_simple_redux
D:2:      layout_basic, serial_shops, shop, nicolae_shop_trees, shop,
          nicolae_square_shop, shop
D:3:      layout_loops_cross, amcnicky_altar_lugonu_corruption, uniq_robin,
          uniq_natasha
D:4:      layout_cave_pools, okawaru_metal_pillars_1_2, serial_shops,
          nicolae_square_shop, minmay_quadrilaterals, uniq_sigmund
D:5:      layout_gridville, nicolae_ru_sacrificial_ziggurat,
          hellmonk_ghost_happy_afterlife, gup_sewer_entry_glass,
          kennysheep_generic_room_9, uniq_edmund, uniq_duvessa
D:6:      layout_cave_pods, ebering_ghost_reflecting_pool, serial_shops,
          kennysheep_mini_moat, uniq_crazy_yiuf_cottage
D:7:      layout_loops_corners, minitemple, minmay_temple_entry_overgrown
D:8:      layout_basic
D:9:      layout_stronghold, david_lair_generic, gammafunk_ghost_icy,
          serial_rivers, chequers_serial_rivers_marsh,
          chequers_serial_rivers_micro_c, chequers_serial_rivers_micro_d,
          chequers_serial_rivers_micro_d, chequers_serial_rivers_small_3,
          uniq_erica, uniq_grum, uniq_maurice
Temple:   hellmonk_temple_two_chambers

Skill      XL: |  1  2  3  4  5  6  7  8  9 10 |
---------------+-------------------------------+-----
Stealth        | 2 3 |  3.5
Dodging        | 2 |  2.4
Spellcasting   | 3 4 5 6 7 8 |  8.6
Conjurations   | 2 3 4 |  4.2
Fire Magic     | 4 5 6 7 8 9 |  9.1
Transmutations | 3 5 |  5.8
Fighting       | |  0.8
Short Blades   | |  0.4

Action                   |  1- 3 |  4- 6 |  7- 9 | 10-12 || total
-------------------------+-------+-------+-------+-------++-------
Melee: Unarmed           |    12 |       |       |       ||    12
       Scimitar          |     4 |     7 |       |       ||    11
       Dagger            |     4 |     4 |     4 |       ||    12
       Tailslap          |       |     1 |       |       ||     1
       Staff             |       |       |     1 |       ||     1
 Cast: Foxfire           |    46 |    34 |   108 |    14 ||   202
       Scorch            |     7 |    30 |    83 |     5 ||   125
       Flame Wave        |       |       |       |     1 ||     1
Invok: Ancestor Identity |       |       |       |     1 ||     1
 Abil: Breathe Noxious F |       |       |    18 |     3 ||    21
  Use: Scroll            |       |     3 |     9 |     1 ||    13
       Potion            |       |       |     1 |       ||     1
 Stab: Sleeping          |       |     1 |       |       ||     1
Armor: Skin              |    10 |     5 |    10 |     2 ||    27
Dodge: Dodged            |    21 |    13 |    32 |     9 ||    75
